General information
- name: BNet
- type: Ladder team game (AT/RT)
- host: Battle.net
- saver: BEAR_AND
map: Highperch
- players: 6
- length: 77:36
- speed: Fast
- version: 1.21 W3XP
- replay type:

» download(304 KB)
Players
team 1 (loser)
elephant. (
pink | 47 APM | 1240 actions | 26:34)
3 Keeper of the Grove
2 Entangling Roots
1 Thorns Aura
1 Priestess of the Moon
1 Trueshot Aura
» actions
| Basic commands | 55 | |
| Build / train | 93 | |
| Enter build submenu | 24 | |
| Enter hero's abilities submenu | 4 | |
| Remove unit from queue | 1 | |
| Right click | 562 | |
| Select / deselect | 425 | |
| Use ability | 76 | |
1240 total
» units
| Wisp | 26 | |
| Archer | 18 | |
| Glaive Thrower | 6 | |
| Hippogryph | 6 | |
| Druid of the Claw | 6 | |
| Dryad | 4 | |
66 total
» upgrades
| Vorpal Blades | 1 | |
| Hippogryph Taming | 1 | |
| Druid of the Claw Training | 2 | |
| Improved Bows | 1 | |
| Well Spring | 1 | |
| Mark of the Claw | 1 | |
| Abolish Magic | 1 | |
| Strength of the Wild | 1 | |
| Reinforced Hides | 1 | |
| Marksmanship | 1 | |
| Strength of the Moon | 1 | |
| Moon Armor | 1 | |
13 total
» buildings
| Altar of Elders | 1 | |
| Moon Well | 8 | |
| Ancient of War | 2 | |
| Hunter's Hall | 1 | |
| Ancient Protector | 1 | |
| Tree of Ages | 3 | |
| Tree of Life | 2 | |
| Ancient of Wind | 1 | |
| Ancient of Lore | 2 | |
| Ancient of Wonders | 1 | |
| Tree of Eternity | 1 | |
| Chimaera Roost | 2 | |
25 total
» build order
00:18 Altar of Elders
00:24 Moon Well
00:51 Ancient of War
01:32 Moon Well
02:15 Hunter's Hall
03:01 Moon Well
03:43 Ancient of War
03:59 Ancient Protector
04:14 Tree of Ages
04:15 Tree of Ages
04:15 Tree of Ages
05:45 Moon Well
07:07 Tree of Life
07:14 Ancient of Wind
07:23 Ancient of Lore
07:33 Ancient of Wonders
09:16 Tree of Eternity
10:49 Ancient of Lore
11:22 Moon Well
12:02 Moon Well
12:25 Moon Well
16:42 Chimaera Roost
16:43 Chimaera Roost
18:35 Tree of Life
19:58 Moon Well
Fiery_WA (
blue | 28 APM | 2153 actions | 77:35)
1 Blademaster
1 Wind Walk
1 Shadow Hunter
1 Healing Wave
» actions
| Basic commands | 12 | |
| Build / train | 79 | |
| Enter build submenu | 15 | |
| Enter hero's abilities submenu | 2 | |
| Right click | 1647 | |
| Select / deselect | 326 | |
| Use ability | 72 | |
2153 total
» units
| Peon | 7 | |
| Grunt | 3 | |
| Demolisher | 5 | |
| Troll Batrider | 9 | |
| Tauren | 7 | |
| Troll Witch Doctor | 8 | |
| Kodo Beast | 1 | |
| Shaman | 2 | |
| Spirit Walker | 2 | |
| Wisp | 2 | |
| Chimaera | 12 | |
58 total
» upgrades
| Pillage | 1 | |
| Burning Oil | 1 | |
| Liquid Fire | 1 | |
| Pulverize | 1 | |
| Witch Doctor Training | 2 | |
| Shaman Training | 2 | |
| Spirit Walker Training | 2 | |
| Melee Weapons | 1 | |
| Armor | 1 | |
| War Drums Damage Increase | 1 | |
| Corrosive Breath | 1 | |
14 total
» buildings
| Altar of Storms | 1 | |
| Orc Burrow | 6 | |
| Barracks | 1 | |
| War Mill | 1 | |
| Voodoo Lounge | 1 | |
| Stronghold | 1 | |
| Beastiary | 1 | |
| Fortress | 1 | |
| Tauren Totem | 1 | |
| Spirit Lodge | 1 | |
| Ancient Protector | 1 | |
| Tree of Life | 1 | |
17 total
» build order
00:10 Altar of Storms
00:14 Orc Burrow
01:12 Barracks
01:20 War Mill
01:38 Orc Burrow
02:24 Voodoo Lounge
03:15 Stronghold
05:08 Orc Burrow
05:44 Beastiary
06:38 Fortress
07:10 Orc Burrow
09:46 Tauren Totem
10:09 Spirit Lodge
10:49 Orc Burrow
13:31 Orc Burrow
42:58 Ancient Protector
68:19 Tree of Life
» items
GhenGine (
teal | 30 APM | 1429 actions | 47:49)
6 Mountain King
3 Storm Bolt
2 Thunder Clap
1 Avatar
» actions
| Assign group hotkey | 33 | |
| Build / train | 141 | |
| Enter build submenu | 23 | |
| Enter hero's abilities submenu | 5 | |
| Remove unit from queue | 13 | |
| Right click | 554 | |
| Select / deselect | 443 | |
| Select group hotkey | 119 | |
| Use ability | 98 | |
1429 total
» units
| Peasant | 26 | |
| Footman | 10 | |
| Dragonhawk Rider | 24 | |
| Knight | 11 | |
| Siege Engine | 2 | |
| Mortar Team | 4 | |
| Flying Machine | 16 | |
| Druid of the Claw | 3 | |
96 total
» upgrades
| Swords | 1 | |
| Lumber Harvesting | 2 | |
| Cloud | 1 | |
| Animal War Training | 1 | |
| Plating | 1 | |
| Gunpowder | 3 | |
| Barrage | 1 | |
| Fragmentation Shards | 1 | |
| Flak Cannons | 1 | |
| Flying Machine Bombs | 1 | |
13 total
» buildings
| Farm | 14 | |
| Altar of Kings | 1 | |
| Barracks | 1 | |
| Scout Tower | 13 | |
| Arcane Tower | 4 | |
| Keep | 1 | |
| Arcane Vault | 1 | |
| Blacksmith | 1 | |
| Town Hall | 1 | |
| Lumber Mill | 1 | |
| Castle | 1 | |
| Gryphon Aviary | 3 | |
| Workshop | 4 | |
| Guard Tower | 4 | |
50 total
» build order
00:09 Farm
00:11 Altar of Kings
00:15 Barracks
01:03 Farm
01:47 Farm
01:52 Scout Tower
02:32 Arcane Tower
04:32 Keep
04:37 Arcane Vault
05:26 Blacksmith
05:31 Farm
07:44 Town Hall
08:16 Lumber Mill
08:25 Castle
09:54 Gryphon Aviary
10:00 Gryphon Aviary
10:16 Gryphon Aviary
11:01 Scout Tower
11:02 Scout Tower
11:04 Scout Tower
11:31 Arcane Tower
12:14 Arcane Tower
13:45 Farm
13:46 Farm
13:47 Farm
14:36 Farm
14:38 Farm
14:39 Farm
16:27 Workshop
16:28 Workshop
16:30 Workshop
16:49 Workshop
19:54 Farm
19:55 Farm
19:56 Farm
19:57 Farm
34:16 Scout Tower
34:17 Scout Tower
34:18 Scout Tower
34:19 Scout Tower
34:23 Scout Tower
34:24 Scout Tower
35:17 Arcane Tower
35:20 Guard Tower
35:23 Guard Tower
36:43 Scout Tower
36:44 Scout Tower
36:45 Scout Tower
37:15 Guard Tower
38:10 Guard Tower
» items
| Orb of Fire | 1 | |
| Potion of Mana | 1 | |
2 total
team 2 (winner)
BEAR_AND (
purple | 46 APM | 3552 actions | 77:36)
8 Blademaster
3 Wind Walk
3 Critical Strike
1 Bladestorm
1 Mirror Image
» actions
| Assign group hotkey | 14 | |
| Basic commands | 48 | |
| Build / train | 80 | |
| Enter build submenu | 65 | |
| Enter hero's abilities submenu | 8 | |
| Give item / drop item | 4 | |
| Remove unit from queue | 1 | |
| Right click | 1908 | |
| Select / deselect | 554 | |
| Select group hotkey | 594 | |
| Use ability | 275 | |
3552 total
» units
| Peon | 10 | |
| Troll Batrider | 24 | |
| Wind Rider | 10 | |
44 total
» upgrades
| Spiked Barricades | 1 | |
| Ranged Weapons | 3 | |
| Liquid Fire | 1 | |
| Reinforced Defenses | 1 | |
| Armor | 3 | |
| Envenomed Spears | 1 | |
10 total
» buildings
| War Mill | 1 | |
| Altar of Storms | 1 | |
| Orc Burrow | 9 | |
| Watch Tower | 105 | |
| Stronghold | 1 | |
| Voodoo Lounge | 2 | |
| Beastiary | 2 | |
| Fortress | 1 | |
122 total
» build order
00:07 War Mill
00:13 Altar of Storms
00:24 Orc Burrow
01:41 Watch Tower
02:02 Watch Tower
02:17 Watch Tower
02:34 Watch Tower
02:51 Watch Tower
03:06 Watch Tower
03:13 Watch Tower
03:38 Watch Tower
03:50 Watch Tower
04:19 Watch Tower
04:22 Watch Tower
04:23 Watch Tower
04:25 Watch Tower
04:43 Watch Tower
05:15 Stronghold
05:18 Watch Tower
05:23 Watch Tower
05:35 Orc Burrow
05:39 Voodoo Lounge
05:59 Watch Tower
06:22 Watch Tower
06:29 Watch Tower
06:34 Watch Tower
06:46 Watch Tower
06:49 Watch Tower
06:51 Watch Tower
07:29 Watch Tower
07:30 Watch Tower
07:53 Voodoo Lounge
08:13 Beastiary
08:16 Beastiary
09:46 Orc Burrow
09:50 Watch Tower
09:51 Watch Tower
09:57 Watch Tower
09:57 Watch Tower
09:58 Watch Tower
10:07 Fortress
11:40 Orc Burrow
14:09 Watch Tower
14:11 Watch Tower
14:13 Watch Tower
14:14 Watch Tower
14:16 Watch Tower
15:23 Watch Tower
15:24 Watch Tower
15:25 Watch Tower
30:28 Watch Tower
30:29 Watch Tower
30:29 Watch Tower
30:30 Watch Tower
30:31 Watch Tower
30:45 Watch Tower
30:46 Watch Tower
30:47 Watch Tower
30:51 Watch Tower
30:56 Watch Tower
30:56 Watch Tower
30:58 Watch Tower
30:59 Watch Tower
30:59 Watch Tower
31:14 Watch Tower
31:16 Watch Tower
31:17 Watch Tower
31:18 Watch Tower
31:42 Orc Burrow
31:43 Orc Burrow
31:45 Orc Burrow
31:46 Orc Burrow
31:47 Orc Burrow
33:55 Watch Tower
33:59 Watch Tower
34:00 Watch Tower
34:00 Watch Tower
35:03 Watch Tower
35:03 Watch Tower
35:04 Watch Tower
35:05 Watch Tower
38:21 Watch Tower
38:22 Watch Tower
38:23 Watch Tower
38:34 Watch Tower
38:36 Watch Tower
38:39 Watch Tower
38:42 Watch Tower
38:49 Watch Tower
38:50 Watch Tower
38:51 Watch Tower
38:54 Watch Tower
38:56 Watch Tower
38:58 Watch Tower
39:27 Watch Tower
39:28 Watch Tower
39:28 Watch Tower
39:30 Watch Tower
39:31 Watch Tower
42:01 Watch Tower
42:13 Watch Tower
42:13 Watch Tower
42:15 Watch Tower
43:37 Watch Tower
43:38 Watch Tower
45:07 Watch Tower
45:09 Watch Tower
45:10 Watch Tower
45:54 Watch Tower
45:55 Watch Tower
45:57 Watch Tower
45:58 Watch Tower
46:06 Watch Tower
46:07 Watch Tower
46:09 Watch Tower
46:09 Watch Tower
46:12 Watch Tower
48:22 Watch Tower
48:24 Watch Tower
48:26 Watch Tower
48:29 Watch Tower
52:44 Watch Tower
» items
| Healing Salve | 4 | |
| Lesser Clarity Potion | 3 | |
| Orb of Lightning | 1 | |
| Boots of Speed | 1 | |
| Staff of Teleportation | 1 | |
| Scroll of Town Portal | 2 | |
12 total
DIRTMCGIRT (
green | 50 APM | 3847 actions | 77:35)
9 Naga Sea Witch
3 Frost Arrows
3 Forked Lightning
1 Tornado
2 Mana Shield
» actions
| Assign group hotkey | 2 | |
| Basic commands | 149 | |
| Build / train | 99 | |
| Enter build submenu | 49 | |
| Enter hero's abilities submenu | 9 | |
| Give item / drop item | 6 | |
| Remove unit from queue | 3 | |
| Right click | 2416 | |
| Select / deselect | 744 | |
| Select group hotkey | 157 | |
| Use ability | 212 | |
3847 total
» units
| Peasant | 18 | |
| Dragonhawk Rider | 7 | |
25 total
» upgrades
| Masonry | 3 | |
| Lumber Harvesting | 2 | |
| Magic Sentry | 1 | |
| Swords | 3 | |
| Armor | 3 | |
| Cloud | 1 | |
| Animal War Training | 1 | |
14 total
» buildings
| Altar of Kings | 3 | |
| Farm | 9 | |
| Lumber Mill | 1 | |
| Scout Tower | 47 | |
| Guard Tower | 22 | |
| Keep | 1 | |
| Town Hall | 1 | |
| Arcane Vault | 1 | |
| Arcane Sanctum | 1 | |
| Blacksmith | 1 | |
| Gryphon Aviary | 2 | |
| Castle | 1 | |
| Barracks | 1 | |
91 total
» build order
00:05 Altar of Kings
00:13 Farm
00:28 Lumber Mill
00:49 Farm
00:55 Farm
01:48 Scout Tower
01:55 Scout Tower
02:05 Scout Tower
02:19 Guard Tower
02:21 Scout Tower
02:25 Scout Tower
02:33 Scout Tower
03:07 Guard Tower
03:19 Guard Tower
03:29 Guard Tower
03:42 Scout Tower
03:43 Scout Tower
03:49 Scout Tower
03:52 Scout Tower
03:53 Scout Tower
03:54 Scout Tower
04:17 Guard Tower
04:20 Scout Tower
04:21 Scout Tower
04:40 Guard Tower
04:54 Guard Tower
04:57 Scout Tower
05:14 Scout Tower
05:17 Keep
05:26 Guard Tower
05:29 Scout Tower
05:31 Scout Tower
05:40 Scout Tower
05:42 Guard Tower
06:20 Guard Tower
06:26 Town Hall
06:29 Guard Tower
06:36 Arcane Vault
06:42 Scout Tower
06:46 Scout Tower
06:47 Scout Tower
07:24 Scout Tower
07:24 Scout Tower
07:25 Scout Tower
07:31 Scout Tower
07:32 Scout Tower
07:35 Scout Tower
07:37 Scout Tower
07:41 Scout Tower
07:44 Scout Tower
08:18 Arcane Sanctum
08:43 Guard Tower
09:32 Guard Tower
09:35 Scout Tower
09:36 Scout Tower
10:09 Guard Tower
10:13 Scout Tower
10:14 Scout Tower
10:15 Scout Tower
10:15 Scout Tower
10:33 Scout Tower
10:34 Scout Tower
10:52 Guard Tower
10:54 Scout Tower
11:19 Blacksmith
11:23 Guard Tower
11:31 Gryphon Aviary
11:40 Gryphon Aviary
11:47 Guard Tower
12:21 Guard Tower
12:36 Guard Tower
12:40 Guard Tower
13:25 Castle
13:33 Farm
13:35 Farm
14:21 Farm
14:21 Farm
14:22 Farm
14:23 Farm
17:23 Scout Tower
17:24 Scout Tower
17:25 Scout Tower
17:50 Guard Tower
18:57 Barracks
25:11 Guard Tower
44:22 Altar of Kings
44:29 Scout Tower
44:40 Altar of Kings
48:02 Scout Tower
48:03 Scout Tower
48:04 Scout Tower
» items
| Potion of Healing | 7 | |
| Boots of Speed | 1 | |
| Staff of Teleportation | 1 | |
| Potion of Invisibility | 2 | |
| Orb of Lightning | 1 | |
| Healing Salve | 1 | |
| Potion of Mana | 5 | |
| Scroll of Regeneration | 1 | |
| Lesser Clarity Potion | 4 | |
23 total
timg4strok (
orange | 47 APM | 3382 actions | 72:30)
8 Warden
3 Shadow Strike
3 Blink
1 Spirit of Vengeance
1 Fan of Knives
» actions
| Assign group hotkey | 4 | |
| Basic commands | 57 | |
| Build / train | 65 | |
| ESC pressed | 3 | |
| Enter build submenu | 13 | |
| Enter hero's abilities submenu | 8 | |
| Give item / drop item | 9 | |
| Right click | 2071 | |
| Select / deselect | 258 | |
| Select group hotkey | 634 | |
| Use ability | 260 | |
3382 total
» units
| Wisp | 24 | |
| Druid of the Talon | 10 | |
34 total
» upgrades
| Ultravision | 1 | |
| Strength of the Wild | 3 | |
| Reinforced Hides | 3 | |
| Druid of the Talon Training | 2 | |
| Well Spring | 1 | |
| Mark of the Talon | 1 | |
| Nature's Blessing | 1 | |
12 total
» buildings
| Altar of Elders | 1 | |
| Moon Well | 5 | |
| Tree of Ages | 1 | |
| Tree of Life | 3 | |
| Hunter's Hall | 1 | |
| Ancient of Wind | 2 | |
| Tree of Eternity | 1 | |
| Ancient of Wonders | 1 | |
15 total
» build order
00:19 Altar of Elders
00:20 Moon Well
00:45 Moon Well
04:29 Moon Well
05:02 Tree of Ages
06:23 Tree of Life
06:39 Hunter's Hall
06:53 Tree of Life
06:55 Tree of Life
07:48 Ancient of Wind
07:53 Tree of Eternity
12:17 Moon Well
12:17 Moon Well
12:57 Ancient of Wonders
31:31 Ancient of Wind
» items
| Staff of Teleportation | 1 | |
| Boots of Speed | 1 | |
| Dust of Appearance | 1 | |
| Healing Salve | 1 | |
| Lesser Clarity Potion | 2 | |
| Orb of Venom | 1 | |
| Tiny Great Hall | 1 | |
8 total
Chat log
(00:09 / All) timg4strok: WELCOME
(00:11 / All) timg4strok: to highperch.
(00:15 / All) timg4strok: enjoy ur stay.
(00:34 / All) timg4strok: gl hf
(00:38 / All) timg4strok: please manner.
(00:58 / All) GhenGine: i was playin thos game when you were still a pod
(01:15 / All) timg4strok: ¿
(24:17 / All) BEAR_AND: fuck, i'm out of gold
(24:36 / All) GhenGine: ya noobs dont run out
(26:37 / All) timg4strok: ?
(26:39 / All) timg4strok: ¿
(26:44 / All) DIRTMCGIRT: we got no gold lol
(26:47 / All) DIRTMCGIRT: and we gonna win haha
(26:56 / All) BEAR_AND: lol u noobs
(26:56 / All) DIRTMCGIRT: ahuahahahahaha
(26:59 / All) BEAR_AND: giving up so easily.
(27:00 / All) DIRTMCGIRT: huahuahuahuahua
(33:40 / All) BEAR_AND: fuck
(33:53 / All) Fiery_WA: hah
(46:34 / All) BEAR_AND: god dang. wish this map had more gold.
(46:41 / All) timg4strok: ggerz
(47:55 / All) BEAR_AND: lol
(55:43 / All) DIRTMCGIRT: fujk
(56:02 / All) BEAR_AND: please quit
(56:09 / All) BEAR_AND: we need this iwn
(62:53 / All) BEAR_AND: hey
(62:56 / All) BEAR_AND: where are you from?
(64:33 / All) DIRTMCGIRT: SIGH GG
(64:42 / All) DIRTMCGIRT: We cant beat chims
(64:49 / All) BEAR_AND: chims are so fucking imbalanced
(64:52 / All) BEAR_AND: god damn noob elf.
(74:33 / All) BEAR_AND: surprise gg
(74:37 / All) DIRTMCGIRT: gg
(75:30 / All) BEAR_AND: this is a little strategy i think i have perfected
(75:34 / All) BEAR_AND: i call it "winning"
(75:52 / All) Fiery_WA: wot being a tower whore?
(75:56 / All) DIRTMCGIRT: lol
(75:58 / All) DIRTMCGIRT: sore loser
(75:58 / All) DIRTMCGIRT: gg
(76:05 / All) DIRTMCGIRT: GG
(76:09 / All) BEAR_AND: 1v1?
(76:29 / All) Fiery_WA: oh lookee im still here
(77:03 / All) BEAR_AND: not for long
(77:16 / All) Fiery_WA: prolly not
(77:23 / All) DIRTMCGIRT: gg noob
(77:27 / All) BEAR_AND: 1v1